 Dungeon Crawl Stone Soup version 0.30.1-11-g7821555f0a (webtiles) character file.

Game seed: 6533861408475150057

318 jagang the Trooper (level 6, -8/51 HPs)
             Began as a Human Monk on Dec 22, 2023.
             Mangled by an ogre
             ... wielding a +0 giant spiked club
              (13 damage)
             ... on level 3 of the Dungeon.
             The game lasted 00:06:26 (2427 turns).

jagang the Trooper (Human Monk)                     Turns: 2427, Time: 00:06:26

Health: -8/51      AC: 11    Str: 11    XL:     6   Next: 74%
Magic:  6/6        EV:  6    Int: 10    God:
Gold:   74         SH:  0    Dex: 18    Spells: 5/5 levels left

rFire   . . .        a - +0 falchion
rCold   . . .        d - orb {light}
rNeg    . . .        t - +0 chain mail
rPois   +            g - +0 helmet
rElec   .            (no cloak)
rCorr   .            (no gloves)
SInv    .            o - +0 pair of boots
Will    .....        (no amulet) Stlth
                     f - ring of poison resistance
HPRegen 0.28/turn    (no ring)
MPRegen 0.10/turn

%: no passive effects
@: glowing
A: no striking features
a: no special abilities


You were on level 3 of the Dungeon.
You visited 1 branch of the dungeon, and saw 4 of its levels.

You collected 74 gold pieces.

Inventory:

Hand Weapons
 a - a +0 falchion (weapon)
Armour
 d - an orb of light (worn)
 g - a +0 helmet (worn)
 o - a +0 pair of boots (worn)
 t - a +0 chain mail (worn)
Jewellery
 f - a ring of poison resistance (left hand)
Wands
 m - a wand of paralysis (13)
Scrolls
 b - 3 scrolls of teleportation {unknown}
 h - a scroll of enchant weapon {unknown}
 i - 3 scrolls of identify {unknown}
 n - a scroll of vulnerability {unknown}
 q - a scroll of summoning {unknown}
 r - a scroll of noise {unknown}
Potions
 c - a potion of ambrosia
 e - a potion of curing {unknown}
 k - 2 potions of degeneration {unknown}
 l - 3 potions of lignification {unknown}
 p - a potion of flight {unknown}
 u - a potion of berserk rage {unknown}
 v - a potion of brilliance {unknown}


   Skills:
 * Level 5.0 Fighting
 * Level 5.0 Long Blades
 + Level 2.4 Armour
 - Level 3.0 Dodging


You had 5 spell levels left.
You didn't know any spells.
Your spell library contained the following spells:

 Spells                   Type           Power      Damage    Failure   Level
 Ensorcelled Hibernation  Hex/Ice        0%         N/A       100%        2
 Lesser Beckoning         Tloc           0%         N/A       100%        2
 Passwall                 Tmut/Erth      0%         N/A       100%        2
 Gell's Gravitas          Tloc           0%         N/A       100%        3
 Swiftness                Air            0%         N/A       100%        3
 Teleport Other           Tloc           0%         N/A       100%        3
 Tukima's Dance           Hex            0%         N/A       100%        3
 Passage of Golubria      Tloc           0%         N/A       100%        4
 Yara's Violent Unravell  Hex/Tmut       0%         3d3       100%        5


Dungeon Overview and Level Annotations

Branches:
Dungeon (4/15)
 Temple: D:4-7

Altars:
Sif Muna


Message History

u - a glowing purple potion
Found a stone staircase leading down.
v - a silvery potion
There is a stone staircase leading down here.
You now have 74 gold pieces (gained 10).
Done exploring.
Done exploring.
Done exploring.
Search for what [Enter for "D:2", or ? for help]?
D:3
There is a stone staircase leading down here.
Okay, then.
You start removing your armour.
You continue taking off your +2 robe of the Archmagi. x4
You finish taking off your +2 robe of the Archmagi.
You feel strangely numb.
You start putting on your armour.
You continue putting on your +0 chain mail. x5
You finish putting on your +0 chain mail.
You drop a +2 robe of the Archmagi.
You drop a scroll labelled HUODUI HUKANE.
You climb downwards.
The iguana hisses angrily.
The ogre shouts!
There is a stone staircase leading up here.
The ogre hits you with a +0 giant spiked club!!
Ouch! That really hurt!
You climb upwards.
There is a stone staircase leading down here.
Things that are here:
a scroll labelled HUODUI HUKANE; a +2 robe of the Archmagi You are too injured to fight recklessly!
You hit the ogre.
The ogre is lightly wounded.
You hit the ogre.
The ogre is moderately wounded.
The ogre hits you with a +0 giant spiked club!
* * * LOW HITPOINT WARNING * * *
You hit the ogre.
The ogre is moderately wounded.
The ogre hits you with a +0 giant spiked club!
You die...

###.#
#..........#.##########
....#
#......[...'..##~~~~~##
.##.#
#..........#..#~~~~~~~#
.##.#
#.#.......#####~~...~~#
.##.#######.##.....##
#~~._...'
.##.........###...##
#~~...~~# .#####.######
##+## #~~~~~~~# .# #.#
#.#########~~~~~##
.#####.#
#@O.......#######
.......# ##..########
######.# ##...## #.#
####.....# #.#
#.......##
#.####.##....#
#.........#.##
######.####.# #......#


You could see an ogre.

Vanquished Creatures
  Sigmund (D:1)
  An orc priest (D:3)
  4 gnolls
  2 worms (D:2)
  A dart slug (D:2)
  4 orcs (D:3)
  3 ball pythons
  4 bats
  7 endoplasms
  A giant cockroach (D:1)
  5 goblins
  4 hobgoblins
  3 jackals (D:2)
  3 quokkas
  6 frilled lizards
  8 kobolds
  6 rats
  A spectral hobgoblin (D:1)
64 creatures vanquished.

Notes
Turn   | Place    | Note
-------+----------+-------------------------------------------
     0 | D:1      | jagang the Human Monk began the quest for the Orb.
     0 | D:1      | Reached XP level 1. HP: 18/18 MP: 1/1
    51 | D:1      | Reached XP level 2. HP: 14/24 MP: 2/2
   242 | D:1      | Reached XP level 3. HP: 29/29 MP: 3/3
   375 | D:1      | Found a faded altar of an unknown god.
   574 | D:2      | Reached skill level 1 in Armour
   888 | D:2      | Noticed Sigmund
   929 | D:1      | Reached XP level 4. HP: 21/37 MP: 4/4
   936 | D:1      | Killed Sigmund
   937 | D:1      | Reached XP level 5. HP: 16/43 MP: 5/5
   937 | D:1      | Reached XP level 6. HP: 19/49 MP: 6/6
  1969 | D:3      | Found a shimmering blue altar of Sif Muna.
  2028 | D:3      | Reached skill level 5 in Fighting
  2028 | D:3      | Reached skill level 5 in Long Blades
  2422 | D:4      | Noticed an ogre
  2427 | D:3      | Mangled by an ogre

Illustrated notes

Levels and vault maps discovered:
D:1:      psy_arrival_spokes, layout_rooms,
          dreamdust_ecumenical_altar_drowned_temple
D:2:      layout_loops_cross, minmay_pentomino_u2, uniq_sigmund
D:3:      layout_loops_corners, led_sif_pool
D:4:      layout_rooms, mainiacjoe_overflow_paths

Skill      XL: |  1  2  3  4  5  6 |
---------------+-------------------+-----
Armour         | 1 2 |  2.4
Fighting       | 4 5 |  5.0
Long Blades    | 4 5 |  5.0
Dodging        | |  3.0

Action                     |  1- 3 |  4- 6 || total
---------------------------+-------+-------++-------
  Melee: Falchion          |   106 |    76 ||   182
 Armour: Robe              |    17 |    17 ||    34
  Dodge: Dodged            |    87 |    49 ||   136
